 Dungeon Crawl Stone Soup version 0.32-a0-450-g080537f31e (webtiles) character file.

Game seed: 16474007690154173291

90 ChaosF the Apothecary (level 4, 0/34 HPs)
             Began as a Draconian Alchemist on Feb 23, 2024.
             Slain by a ball python (1 damage)
             ... on level 4 of the Dungeon.
             The game lasted 00:17:05 (1416 turns).

ChaosF the Apothecary (Draconian Alchemist)         Turns: 1416, Time: 00:17:06

Health: 0/34       AC:  5    Str: 10    XL:     4   Next: 32%
Magic:  1/7        EV: 12    Int: 15    God:
Gold:   78         SH:  0    Dex: 14    Spells: 2/8 levels left

rFire   . . .        e - +0 dagger (freeze)
rCold   . . .        (no shield)
rNeg    . . .        (body armour unavailable)
rPois   .            (helmet restricted)
rElec   .            (no cloak)
rCorr   .            (no gloves)
SInv    .            (no boots)
Will    .....        (no amulet)
Stlth   ++           (no ring)
HPRegen 0.25/turn    (no ring)
MPRegen 0.10/turn

%: no passive effects
@: lethally poisoned (0 -> -9), slowed, very slow
A: AC +5, unfitting armour, cold-blooded
a: no special abilities


You were on level 4 of the Dungeon.
You visited 1 branch of the dungeon, and saw 4 of its levels.

You collected 78 gold pieces.

Inventory:

Hand Weapons
 c - a +0 dagger
 e - a +0 dagger of freezing (weapon)
 f - a +0 sling
Missiles
 d - 6 poisoned darts
 h - 5 atropa-tipped darts
Wands
 g - a wand of quicksilver (7)
Scrolls
 b - 2 scrolls of identify
Potions
 a - a potion of magic


   Skills:
 + Level 0.3 Fighting
 + Level 0.5 Short Blades
 + Level 2.3 Dodging
 + Level 2.4 Stealth
 + Level 2.6 Spellcasting
 + Level 1.2 Conjurations
 + Level 3.7 Alchemy


You had 2 spell levels left.
You knew the following spells:

 Your Spells              Type           Power      Damage    Failure   Level
a - Sting                 Conj/Alch      36%        1d5       8%          1
b - Mercury Vapours       Alch/Air       14%        N/A       14%         2
c - Mephitic Cloud        Conj/Alch/Air  6%         N/A       32%         3

Your spell library contained the following spells:

 Spells                   Type           Power      Damage    Failure   Level
 Olgreb's Toxic Radiance  Alch           13%        N/A       41%         4
 Sticky Flame             Fire/Alch      7%         2d4       67%         4


Dungeon Overview and Level Annotations

Branches:
Dungeon (4/15)
 Temple: D:4-7

Altars:
Gozag

Annotations:
D:4 Twiddyhohoho's ghost, amateur MDMo


Innate Abilities, Weirdness & Mutations

Your plain brown scales are hard. (AC +5)
You cannot fit into any form of body armour.
You are cold-blooded and may be slowed by cold attacks.


Message History

You kill the ball python!
Found 17 gold pieces.
A ball python comes into view.
Found 6 gold pieces.
The hornet buzzes angrily.
The hobgoblin shouts!
The ball python hisses angrily.
As you open the gate, it creaks loudly!
The orc shouts!
Twiddyhohoho's ghost turns its malevolent gaze towards you.
Okay, then.
The hornet attacks as it pursues you! The hornet misses you.
The hornet stings you.
You feel yourself slow down.
You feel yourself speed up. The hornet stings you.
You are poisoned.
You feel yourself slow down.
You feel very sick. The hornet attacks as it pursues you!
The hornet stings you.
You are more poisoned.
You feel as though you will be slow longer.
The ball python bites you. The ball python barely misses you.
The hornet barely misses you.
You feel very sick.
The ball python attacks as it pursues you!
The ball python closely misses you. The ball python barely misses you.
The hornet stings you!
* * * LOW HITPOINT WARNING * * *
You feel as though you will be slow longer.
The ball python misses you. x2
Casting: Sting (safe; 8% risk of failure)
Confirm with . or Enter, or press ? or * to list all spells.
Aiming: Mercury Vapours (safe; 14% risk of failure)
Press: ? - help, Dir - move target, f - orc
Aim: an orc, wielding a +0 flail and wearing a +0 leather armour (chance to weaken: 100%) Fumes of mercury billow around the orc!
The orc is poisoned.
The orc looks weaker.
Twiddyhohoho's ghost looks weaker.
* * * LOW HITPOINT WARNING * * *
You feel very sick. The hornet barely misses you. The ball python bites you.
You die...

.#..#.###........# ...
##..#............#####...
#..........##..........
##.#.).....##........#####
.............'.......##.ß.##
#####.......##...†...#$.$..#
.........##.......'.$..ß#
##........##..gSo..'._ß.∩#
#............@yW..'$$.$ß#
#.######.##.......#$$..∩# #.
#.#######..##$ß.## #.
#...##### #....# #....#
#....#


You could see a hornet, Twiddyhohoho's ghost (weak), an orc (very poisoned,
weak), a hobgoblin and a ball python.

Vanquished Creatures
  3 gnolls (D:3)
  4 dart slugs
  5 endoplasms
  2 giant cockroaches (D:1)
  9 goblins
  4 hobgoblins
  6 kobolds
  A quokka (D:2)
  6 ball pythons
  5 bats
  A frilled lizard (D:3)
  4 rats
50 creatures vanquished.

Notes
Turn   | Place    | Note
-------+----------+-------------------------------------------
     0 | D:1      | ChaosF the Draconian Alchemist began the quest for the Orb.
     0 | D:1      | Reached XP level 1. HP: 14/14 MP: 3/3
   166 | D:1      | Reached XP level 2. HP: 20/20 MP: 3/5
   495 | D:1      | Reached XP level 3. HP: 26/26 MP: 0/6
   612 | D:1      | Learned a level 2 spell: Mercury Vapours
   616 | D:1      | Learned a level 3 spell: Mephitic Cloud
  1175 | D:3      | Reached XP level 4. HP: 28/34 MP: 0/7
  1402 | D:4      | Found a runed translucent gate.
  1402 | D:4      | Found a runed translucent gate.
  1402 | D:4      | Found a runed translucent gate.
  1404 | D:4      | Found an opulent altar of Gozag.
  1408 | D:4      | Noticed a hornet
  1408 | D:4      | Noticed Twiddyhohoho's ghost (amateur MDMo)
  1416 | D:4      | HP: 1/34 [poisoned by a hornet]
  1416 | D:4      | Slain by a ball python

Illustrated notes

Levels and vault maps discovered:
D:1:      heliophobic_arrival_ceremonial_halls, layout_loops_ring,
          minmay_strange_pillars, minmay_pentomino_w4
D:2:      minmay_diamond_boxcup, layout_basic, small_statue_intersection,
          nicolae_kite_square_tiling_tiny, roderic_lattice_a
D:3:      layout_loops_cross, basic_ecumenical_altar
D:4:      layout_basic, ebering_ghost_gozag

Skill      XL: |  1  2 |
---------------+-------+-----
Dodging        | 2 |  2.3
Stealth        | 2 |  2.4
Fighting       | |  0.3
Short Blades   | |  0.5
Spellcasting   | |  2.6
Conjurations   | |  1.2
Alchemy        | |  3.7

Action                     |  1- 3 |  4- 6 || total
---------------------------+-------+-------++-------
  Melee: Unarmed           |     2 |       ||     2
         Dagger            |   122 |    12 ||   134
         Tailslap          |    13 |     2 ||    15
   Cast: Sting             |    31 |     5 ||    36
         Mercury Vapours   |     5 |     3 ||     8
    Use: Scroll            |     1 |       ||     1
         Potion            |       |     2 ||     2
   Stab: Sleeping          |     2 |     1 ||     3
 Armour: Skin              |   105 |    17 ||   122
  Dodge: Dodged            |   139 |    17 ||   156

Table legend: (Time is in decaauts)
 A = Elapsed time spent in this place.
 B = Non-inter-level travel time spent in this place.
 C = Inter-level travel time spent in this place.
 D = Time resting spent in this place.
 E = Time spent auto-exploring this place.
 F = Levels seen in this place.
 G = Mean time per level.
                   A        B        C        D        E       F      G
               +--------+--------+--------+--------+--------+-----+--------+
         Total |   1426 |   1426 |      0 |    262 |     83 |   4 |  356.5 |
       Dungeon |   1426 |   1426 |      0 |    262 |     83 |   4 |  356.5 |
               +--------+--------+--------+--------+--------+-----+--------+

Top non-repeatable levels by time:
     D:1: 826 daAuts
     D:2: 309 daAuts
     D:3: 199 daAuts
     D:4: 90 daAuts
